 Dungeon Crawl Stone Soup version 0.21.1-1-g345015f (webtiles) character file.

2096 zhorgal the Grave Robber (level 9, -3/65 HPs)
             Began as a Gnoll Necromancer on Feb 16, 2018.
             Was a Believer of Ashenzari.
             Slain by a wyvern (7 damage)
             ... on level 8 of the Dungeon.
             The game lasted 00:44:34 (8608 turns).

zhorgal the Grave Robber (Gnoll Necromancer)        Turns: 8608, Time: 00:44:35

Health: -3/65      AC:  7    Str: 10    XL:     9   Next: 27%
Magic:  4/18       EV: 15    Int: 21    God:    Ashenzari [**....]
Gold:   330        SH:  0    Dex: 16    Spells: 4/21 levels left

rFire    . . .     SeeInvis +   e - +0 dagger (curse)
rCold    . . .     Gourm    .   (no shield)
rNeg     . . .     Faith    .   l - +0 troll leather armour
rPois    .         Spirit   .   d - +0 helmet
rElec    .         Reflect  .   (no cloak)
rCorr    .         Harm     .   (no gloves)
MR       +....                  A - +0 pair of boots (curse)
Stlth    +++.......             R - amulet of regeneration (curse)
HPRegen  1.00/turn              L - ring of protection from magic (curse)
MPRegen  0.16/turn              N - ring of see invisible

@: very slightly contaminated
A: distributed training, fangs 1, strong nose
a: Curse Item, Scrying, Renounce Religion


You were on level 8 of the Dungeon.
You worshipped Ashenzari.
Ashenzari was pleased with you.
You were hungry.

You visited 2 branches of the dungeon, and saw 9 of its levels.

You collected 330 gold pieces.

Inventory:

Hand Weapons
 e - a cursed +0 dagger (weapon)
 f - a +0 flail of draining
 k - a +3 war axe
 n - a +0 hunting sling
 G - a +1 quarterstaff of holy wrath
 H - a +2 halberd of pain
Missiles
 g - 180 stones (quivered)
 u - 22 poisoned needles
 I - 55 sling bullets
 O - 2 needles of sleeping
 P - 20 arrows
Armour
 d - a +0 helmet (worn)
 l - a +0 troll leather armour (worn)
 r - a +0 plate armour
 v - a +0 large shield
 A - a cursed +0 pair of boots (worn)
 D - a +0 leather armour of fire resistance
 E - a +0 leather armour of magic resistance
Jewellery
 L - a cursed ring of protection from magic (left hand)
 N - a ring of see invisible (right hand)
 R - a cursed amulet of regeneration (around neck)
Wands
 y - a wand of iceblast (12)
 z - a wand of flame (10)
 B - a wand of acid (6)
 F - a wand of polymorph (6)
 K - a wand of random effects (42)
Scrolls
 i - 2 scrolls of fear
 o - 5 scrolls of teleportation
 q - a scroll of remove curse
 C - a scroll of amnesia
 J - a scroll of enchant weapon
Potions
 b - a potion of magic
 h - a potion of might
 j - 4 potions of curing
 m - 2 potions of resistance
 s - a potion of ambrosia
 t - 2 potions of brilliance
 w - 2 potions of flight
 x - a potion of agility {unknown}
 M - a potion of cancellation {unknown}
Comestibles
 a - a chunk of flesh
 c - 17 rations


   Skills:
 + Level 4.0 Fighting
 + Level 4.0(6.1) Short Blades
 + Level 4.0 Long Blades
 + Level 4.0 Axes
 + Level 4.0 Maces & Flails
 + Level 4.0 Polearms
 + Level 4.0 Staves
 + Level 4.0 Slings
 + Level 4.0 Bows
 + Level 4.0 Crossbows
 + Level 4.0 Throwing
 + Level 4.0 Armour
 + Level 6.1 Dodging
 + Level 5.9 Stealth
 + Level 4.0 Shields
 + Level 4.0 Unarmed Combat
 + Level 6.5 Spellcasting
 + Level 3.3(4.6) Conjurations
 + Level 3.3(4.6) Hexes
 + Level 3.3(4.6) Charms
 + Level 3.3(4.6) Summonings
 + Level 7.9(9.4) Necromancy
 + Level 3.3(4.6) Translocations
 + Level 3.3(4.6) Transmutations
 + Level 3.3(4.6) Fire Magic
 + Level 3.3(4.6) Ice Magic
 + Level 3.3(4.6) Air Magic
 + Level 3.3(4.6) Earth Magic
 + Level 3.3(4.6) Poison Magic
 + Level 4.4 Invocations
 + Level 4.0(5.4) Evocations


You had 4 spell levels left.
You knew the following spells:

 Your Spells              Type           Power        Failure   Level  Hunger
a - Pain                  Necr           ####         1%          1    None
b - Animate Skeleton      Necr           N/A          1%          1    None
c - Vampiric Draining     Necr           #####.....   1%          3    #......
d - Borgnjor's Vile Clut  Necr/Erth      #####.....   19%         5    #####..
e - Animate Dead          Necr           N/A          2%          4    ###....
R - Regeneration          Chrm/Necr      #####.....   1%          3    #......


Dungeon Overview and Level Annotations

Branches:
Dungeon (8/15)             Temple (1/1) D:5
   Lair: D:8-11

Altars:
Ashenzari
Cheibriados
Elyvilon
Fedhas
Gozag
Hepliaklqana
Makhleb
Nemelex Xobeh
Okawaru
Qazlal
Sif Muna
Vehumet
Xom
Yredelemnul
Zin
The Shining One

Annotations:
D:3 exclusion: oklob plant
D:8 exclusion: door, Erica


Innate Abilities, Weirdness & Mutations

Your experience applies equally to all skills.
You have very sharp teeth.
Your uncanny sense of smell can sniff out nearby items.


Message History

You hit the wyvern. You bite the wyvern, but do no damage.
The wyvern bites you.
Your quokka skeleton closely misses the wyvern.
You hit the wyvern but do no damage. The wyvern closely misses you.
You hit the wyvern but do no damage. You bite the wyvern, but do no damage.
The wyvern bites you but does no damage.
Your quokka skeleton barely misses the wyvern.
Aim: a wyvern (moderately wounded, chance to defeat MR: 84%)
The wyvern writhes in agony!
The wyvern bites you!
Your quokka skeleton barely misses the wyvern.
The wyvern barely misses you.
You take 11 damage, and have 21/65 hp.
You now have 6/18 mp.
Aim: a wyvern (severely wounded, chance to defeat MR: 84%)
The wyvern writhes in agony!
The wyvern bites you!
* * * LOW HITPOINT WARNING * * *
Your quokka skeleton bites the wyvern but does no damage.
You take 17 damage, and have 4/65 hp.
MASSIVE DAMAGE!!
You now have 5/18 mp.
Aim: a wyvern (severely wounded, chance to defeat MR: 84%)
The wyvern writhes in agony!
The wyvern bites you!
You die...

* #.##.+.##
#######.#.....## *
....#........... *
....#........... ,,*
....#.........######
....#.........##...##
#.###.#...##..##>..[#
#'###.#...##..##....#
...'......#....Z@...#
...#......'<..>.l...#
..........#.........#
#####..######+##....#
*, #.## * ∆ #....#
....,,,,, .....#
,...#.. , .....# ∆...
.., , , .....# . *, ,


You could see a wyvern and a friendly quokka skeleton.

Vanquished Creatures
  A hippogriff (D:8)
  Duvessa (D:6)
  An ice beast (D:8)
  A sky beast (D:8)
  An orc warrior (D:7)
  2 ogres
  A centaur (D:5)
  A big kobold (D:8)
  2 bullfrogs (D:6)
  2 scorpions
  A crimson imp (D:6)
  A bullfrog zombie (D:6)
  6 hounds
  An orc priest (D:4)
  3 gnoll shamans (D:6)
  A bullfrog skeleton (D:6)
  2 iguanas
  An orc wizard (D:7)
  2 worker ants
  A hound skeleton (D:5)
  A worker ant zombie (D:5)
  19 gnolls (D:6)
  9 adders
  An adder zombie (D:6)
  7 worms
  2 dart slugs (D:2)
  3 leopard geckos
  13 orcs
  A ball python (D:2)
  4 bats
  5 giant cockroaches
  11 goblins
  8 hobgoblins
  26 jackals
  7 kobolds
  6 quokkas
  3 frilled lizards
  2 jackal skeletons
  A leopard gecko skeleton (D:5)
  A quokka skeleton (D:4)
  A quokka zombie (D:5)
  4 rats
167 creatures vanquished.

Vanquished Creatures (collateral kills)
  A gnoll shaman (D:6)
  9 gnolls (D:6)
  An adder skeleton (D:4)
  An orc (D:3)
  A bat (D:2)
13 creatures vanquished.

Grand Total: 180 creatures vanquished

Notes
Turn   | Place    | Note
-------+----------+-------------------------------------------
     0 | D:1      | zhorgal the Gnoll Necromancer began the quest for the Orb.
     0 | D:1      | Reached XP level 1. HP: 13/13 MP: 6/6
    37 | D:1      | Learned a level 1 spell: Animate Skeleton
   316 | D:1      | Reached XP level 2. HP: 15/19 MP: 2/7
  1082 | D:2      | Reached XP level 3. HP: 23/25 MP: 3/9
  1087 | D:2      | Learned a level 3 spell: Vampiric Draining
  1203 | D:2      | Reached skill level 5 in Spellcasting
  1503 | D:2      | Reached skill level 1 in Invocations
  1682 | D:2      | Reached skill level 1 in Fighting
  1682 | D:2      | Reached skill level 1 in Short Blades
  1682 | D:2      | Reached skill level 1 in Long Blades
  1682 | D:2      | Reached skill level 1 in Axes
  1682 | D:2      | Reached skill level 1 in Maces & Flails
  1682 | D:2      | Reached skill level 1 in Polearms
  1682 | D:2      | Reached skill level 1 in Staves
  1682 | D:2      | Reached skill level 1 in Slings
  1682 | D:2      | Reached skill level 1 in Bows
  1682 | D:2      | Reached skill level 1 in Crossbows
  1682 | D:2      | Reached skill level 1 in Throwing
  1682 | D:2      | Reached skill level 1 in Armour
  1682 | D:2      | Reached skill level 1 in Shields
  1682 | D:2      | Reached skill level 1 in Unarmed Combat
  1682 | D:2      | Reached skill level 1 in Evocations
  1708 | D:2      | Reached XP level 4. HP: 27/32 MP: 2/11
  2513 | D:3      | Reached skill level 1 in Conjurations
  2513 | D:3      | Reached skill level 1 in Hexes
  2513 | D:3      | Reached skill level 1 in Charms
  2513 | D:3      | Reached skill level 1 in Summonings
  2513 | D:3      | Reached skill level 1 in Translocations
  2513 | D:3      | Reached skill level 1 in Transmutations
  2513 | D:3      | Reached skill level 1 in Fire Magic
  2513 | D:3      | Reached skill level 1 in Ice Magic
  2513 | D:3      | Reached skill level 1 in Air Magic
  2513 | D:3      | Reached skill level 1 in Earth Magic
  2513 | D:3      | Reached skill level 1 in Poison Magic
  2914 | D:3      | Learned a level 3 spell: Regeneration
  2958 | D:3      | Found a blossoming altar of Fedhas.
  2975 | D:3      | Noticed an oklob plant
  3339 | D:3      | Reached XP level 5. HP: 35/37 MP: 6/12
  3802 | D:4      | Found an iron altar of Okawaru.
  3815 | D:4      | Reached XP level 6. HP: 34/44 MP: 6/13
  4024 | D:4      | Noticed a phantom
  4263 | D:4      | Reached skill level 5 in Dodging
  4462 | D:5      | Entered Level 5 of the Dungeon
  4496 | D:5      | Found a staircase to the Ecumenical Temple.
  4531 | Temple   | Entered the Ecumenical Temple
  4717 | Temple   | Became a worshipper of Ashenzari the Shackled
  4731 | Temple   | Learned a level 5 spell: Borgnjor's Vile Clutch
  4897 | D:5      | Reached XP level 7. HP: 46/50 MP: 7/15
  5747 | D:6      | Noticed Duvessa
  5747 | D:6      | Noticed Dowan
  5770 | D:6      | Killed Duvessa
  5777 | D:6      | Noticed Dowan
  5777 | D:6      | Dowan changed into Dowan the worker ant
  5781 | D:6      | Killed Dowan the worker ant
  5929 | D:6      | Reached skill level 5 in Stealth
  5960 | D:6      | Reached * piety under Ashenzari
  6126 | D:6      | Reached XP level 8. HP: 54/57 MP: 16/16
  6546 | D:6      | Found a snail-covered altar of Cheibriados.
  7948 | D:6      | Learned a level 4 spell: Animate Dead
  8221 | D:7      | Reached XP level 9. HP: 23/65 MP: 5/18
  8490 | D:8      | Reached ** piety under Ashenzari
  8508 | D:8      | Noticed Erica
  8608 | D:8      | Slain by a wyvern

Skill      XL: |  1  2  3  4  5  6  7  8  9 |
---------------+----------------------------+-----
Spellcasting   | 5 6 |  6.5
Invocations    | 1 2 3 4 |  4.4
Fighting       | 1 2 3 4 |  4.0
Short Blades   | 1 2 3 4 |  4.0
Long Blades    | 1 2 3 4 |  4.0
Axes           | 1 2 3 4 |  4.0
Maces & Flails | 1 2 3 4 |  4.0
Polearms       | 1 2 3 4 |  4.0
Staves         | 1 2 3 4 |  4.0
Slings         | 1 2 3 4 |  4.0
Bows           | 1 2 3 4 |  4.0
Crossbows      | 1 2 3 4 |  4.0
Throwing       | 1 2 3 4 |  4.0
Armour         | 1 2 3 4 |  4.0
Shields        | 1 2 3 4 |  4.0
Unarmed Combat | 1 2 3 4 |  4.0
Evocations     | 1 2 3 4 |  4.0
Conjurations   | 1 2 3 |  3.3
Hexes          | 1 2 3 |  3.3
Charms         | 1 2 3 |  3.3
Summonings     | 1 2 3 |  3.3
Translocations | 1 2 3 |  3.3
Transmutations | 1 2 3 |  3.3
Fire Magic     | 1 2 3 |  3.3
Ice Magic      | 1 2 3 |  3.3
Air Magic      | 1 2 3 |  3.3
Earth Magic    | 1 2 3 |  3.3
Poison Magic   | 1 2 3 |  3.3
Dodging        | 5 6 |  6.1
Stealth        | 5 |  5.9
Necromancy     | |  7.9

Action                   |  1- 3 |  4- 6 |  7- 9 || total
-------------------------+-------+-------+-------++-------
Melee: Spear             |    10 |       |       ||    10
       Bite              |     2 |    16 |    40 ||    58
       Dagger            |       |   103 |   272 ||   375
       Punch             |       |       |     7 ||     7
Throw: Stone             |       |     1 |       ||     1
 Cast: Pain              |    60 |    99 |   174 ||   333
       Animate Skeleton  |    17 |    21 |    38 ||    76
       Regeneration      |       |     1 |       ||     1
       Vampiric Draining |       |       |     9 ||     9
Invok: Curse Item        |       |       |     2 ||     2
Evoke: Wand              |       |     4 |     4 ||     8
  Use: Scroll            |       |    10 |     6 ||    16
 Stab: Sleeping          |       |     5 |    10 ||    15
       Distracted        |       |       |     1 ||     1
  Eat: Chunk             |     2 |    10 |    13 ||    25
Armor: Robe              |     4 |     3 |       ||     7
       Troll leather arm |       |    22 |    61 ||    83
Dodge: Dodged            |    14 |    84 |   213 ||   311
